AoeStats
← awesomegogurt

Arabian Desert

509239011Analyzed
1v1 RM · 6d ago on Sep 26, 2026· 51m 32s· 2 players
Game mode
Random Map
Map size
Tiny (2 player)
Population
200
Speed
Normal
Resources
Standard
Victory
Conquest
Starting age
Dark Age
Ending age
Imperial Age
RankedLock teamsTeams togetherTeam positionsShared explorationLock speedFull tech treeHidden civsTurbo modeCheats
Victory
Defeat
🇺🇸 Huns · United States
525
+13
🇻🇳 Franks · Vietnam
469
-13
S1mpUn
11:33 Feudal Age
10:32 Loom
13:13 Double-Bit Axe
14:30 Wheelbarrow
18:45 Castle Age
20:49 Pikeman
23:23 Squires
26:30 Forging
28:30 Squires
29:29 Husbandry
38:49 Gold Mining
40:34 Scale Barding Armor
40:53 Stone Mining
45:18 Gold Shaft Mining
48:04 Imperial Age
47:14 Hand Cart
47:52 Scale Mail Armor
50:51 Halberdier
awesomegogurt
5:31 Loom
11:37 Feudal Age
24:48 Castle Age
23:51 Bloodlines
23:35 Fletching
25:31 Bodkin Arrow
25:23 Horse Collar
25:32 Double-Bit Axe
33:11 Scale Barding Armor
34:20 Forging
37:54 Bow Saw
37:47 Heavy Plow
40:35 Imperial Age
38:43 Wheelbarrow
37:56 Town Watch
40:01 Light Cavalry
40:45 Husbandry
41:25 Iron Casting
41:12 Chain Barding Armor
41:07 Masonry
40:56 Murder Holes
42:26 Conscription
42:28 Thumb Ring
43:05 Bracer
43:56 Parthian Tactics
45:31 Heavy Cavalry Archer
45:51 Capped Ram
49:18 Plate Barding Armor
Connection lost

Rejoining the realm…

Still unreachable

The connection could not be restored.

Session expired

The server has moved on; the page needs a fresh start.